 Dungeon Crawl Stone Soup version 0.30-a0-691-g754fce4c43 (webtiles) character file.

Game seed: 8658908455121162947

80 Decipherer the Trooper (level 4, -6/29 HPs)
             Began as a Gargoyle Berserker on Jan 19, 2023.
             Was a Believer of Trog.
             Killed from afar by an orc wizard (8 damage)
             ... with a magic dart
             ... on level 3 of the Dungeon.
             The game lasted 00:01:11 (1767 turns).

Decipherer the Trooper (Gargoyle Berserker)         Turns: 1767, Time: 00:01:11

Health: -6/29      AC:  5    Str: 23    XL:     4   Next: 39%
Magic:  4/4        EV: 12    Int:  7    God:    Trog [**....]
Gold:   91         SH:  0    Dex:  9    Spells: 3/3 levels left

rFire   . . .      SeeInvis .    a - +0 spear
rCold   . . .      Faith    .    (no shield)
rNeg    + . .      Spirit   .    b - +0 animal skin
rPois   ∞          Reflect  .    (no helmet)
rElec   +          Harm     .    (no cloak)
rCorr   .          Rampage  .    (no gloves)
Will    .....                    (no boots)
Stlth   +                        (no amulet)
HPRegen 0.24/turn                (no ring)
MPRegen 0.09/turn                (no ring)

@: confused, on berserk cooldown, slowed, very slow
A: sickness immunity, AC +3, negative energy resistance 1, electricity
resistance, torment resistance 1, petrification resistance
a: Renounce Religion, Berserk, Trog's Hand


You were on level 3 of the Dungeon.
You worshipped Trog.
Trog was pleased with you.
You visited 1 branch of the dungeon, and saw 3 of its levels.

You collected 91 gold pieces.

Inventory:

Hand Weapons
 a - a +0 spear (weapon)
Missiles
 k - 3 atropa-tipped darts
Armour
 b - a +0 animal skin (worn)
Scrolls
 g - a scroll of immolation {unknown}
 h - a scroll of amnesia {unknown}
 i - 3 scrolls of noise {unknown}
 n - 2 scrolls of brand weapon {unknown}
 p - 4 scrolls of identify {unknown}
 q - a scroll of teleportation {unknown}
 s - a scroll of fear {unknown}
Potions
 c - a potion of lignification {unknown}
 d - 2 potions of might {unknown}
 e - a potion of degeneration {unknown}
 f - a potion of brilliance {unknown}
 j - a potion of heal wounds {unknown}
 l - a potion of berserk rage {unknown}
 m - a potion of attraction {unknown}
 r - a potion of ambrosia {unknown}
 t - a potion of curing {unknown}


   Skills:
 + Level 4.0 Fighting
 + Level 3.6 Polearms
 + Level 2.4 Armour
 + Level 2.0 Dodging
 + Level 1.2 Stealth


You had 3 spell levels left.
You didn't know any spells.
Your spell library contained the following spells:

 Spells                   Type           Power      Damage    Failure   Level
 Sandblast                Erth           0%         2d4       43%         1
 Passwall                 Tmut/Erth      0%         N/A       56%         2
 Stone Arrow              Conj/Erth      0%         3d7       80%         3


Dungeon Overview and Level Annotations

Branches:
Dungeon (3/15)

Altars:


Innate Abilities, Weirdness & Mutations

You are immune to sickness and miasma.
Your stone body is resilient. (AC +3)
You are immune to poison.
You resist negative energy. (rN+)
You are resistant to electric shocks. (rElec)
You are resistant to unholy torment.
You are immune to petrification.


Message History

You kill the orc!
Trog accepts your kill.
You hear some strange, mumbled words.
A magic dart appears from out of thin air!
The magic dart hits you!
The kobold throws a stone.
The stone closely misses you.
Your Dodging skill increases to level 2!
You bump into the rock wall.
You feel a strong urge to attack something.
You are no longer berserk.
You are exhausted.
You feel yourself slow down.
You closely miss something.
You feel less confused. Something barely misses you.
Something hits you but does no damage.
You closely miss something. Something hits you.
You barely miss something.
Something hits you but does no damage. x2
You miss something.
You hear some strange, mumbled words.
You are confused.
You bump into the rock wall.
Something completely misses you.
You bump into the rock wall.
You hear some strange, mumbled words.
A puff of flame appears from out of thin air!
The puff of flame hits you!
* * * LOW HITPOINT WARNING * * *
The kobold throws a stone.
The stone hits you but does no damage. Something hits you.
* * * LOW HITPOINT WARNING * * *
You're too confused to move!
The kobold throws a stone.
Something hits you but does no damage.
You're too confused to move!
Something hits you but does no damage.
You hear some strange, mumbled words.
You are more confused.
You bump into the rock wall.
The kobold throws a stone.
The stone completely misses you.
You hear some strange, mumbled words.
A magic dart appears from out of thin air!
The magic dart hits you!
You die...

#.....# #.
#####.# #. #.# #.
#.# #. #.# #. #.#
# #. #.#
(##.##o########.#
##....K{@.......#
.....############
... .


You could see an orc and a kobold.

Vanquished Creatures
  A gnoll (D:1)
  2 adders (D:2)
  A dart slug (D:2)
  2 orcs (D:3)
  6 endoplasms (D:2)
  A giant cockroach (D:2)
  3 goblins
  5 hobgoblins
  2 quokkas (D:1)
  5 ball pythons
  6 bats
  A frilled lizard (D:2)
  6 kobolds
  6 rats
47 creatures vanquished.

Vanquished Creatures (others)
  2 plants (D:2)
2 creatures vanquished.

Grand Total: 49 creatures vanquished

Notes
Turn   | Place    | Note
-------+----------+-------------------------------------------
     0 | D:1      | Decipherer the Gargoyle Berserker began the quest for the
                  | Orb.
     0 | D:1      | Reached XP level 1. HP: 14/14 MP: 1/1
   216 | D:1      | Reached XP level 2. HP: 19/19 MP: 2/2
   608 | D:1      | Reached XP level 3. HP: 24/24 MP: 3/3
   889 | D:2      | Reached ** piety under Trog
   934 | D:2      | Reached skill level 4 in Fighting
   950 | D:2      | Reached skill level 1 in Stealth
   950 | D:2      | Reached XP level 4. HP: 26/29 MP: 4/4
  1748 | D:3      | Noticed a +0 dagger
  1749 | D:3      | Noticed a +0 falchion
  1764 | D:3      | HP: 1/29 [something (1)]
  1767 | D:3      | Killed from afar by an orc wizard

Illustrated notes

Levels and vault maps discovered:
D:1:      mrwooster_arrival_arrow, layout_loops_ring
D:2:      minmay_evil_eye, layout_loops_ring, serial_forest,
          infiniplex_forest_clump_curved, infiniplex_forest_zigzag_1,
          infiniplex_forest_end_3, infiniplex_forest_end_1,
          infiniplex_forest_straight_5, infiniplex_forest_clump_cross,
          infiniplex_forest_clump_diagonal, infiniplex_forest_zigzag_2
D:3:      due_chaos_kobolds, layout_basic, nicolae_uskayaw_en_pointe,
          hex_intersection, minmay_strange_pillars, uniq_natasha, uniq_sigmund,
          uniq_grinder

Skill      XL: |  1  2  3  4 |
---------------+-------------+-----
Polearms       | 3 |  3.6
Fighting       | 4 |  4.0
Stealth        | 1 |  1.2
Dodging        | 2 |  2.0
Armour         | |  2.4

Action                   |  1- 3 |  4- 6 || total
-------------------------+-------+-------++-------
Melee: Spear             |   126 |    57 ||   183
       Punch             |     1 |       ||     1
Invok: Berserk           |     3 |     1 ||     4
 Stab: Sleeping          |     1 |     4 ||     5
Armor: Animal skin       |    40 |    15 ||    55
Dodge: Dodged            |    65 |    24 ||    89

Table legend: (Time is in decaauts)
 A = Elapsed time spent in this place.
 B = Non-inter-level travel time spent in this place.
 C = Inter-level travel time spent in this place.
 D = Time resting spent in this place.
 E = Time spent auto-exploring this place.
 F = Levels seen in this place.
 G = Mean time per level.
                   A        B        C        D        E       F      G
               +--------+--------+--------+--------+--------+-----+--------+
         Total |   1789 |   1759 |     30 |      0 |   1410 |   3 |  596.3 |
       Dungeon |   1789 |   1759 |     30 |      0 |   1410 |   3 |  596.3 |
               +--------+--------+--------+--------+--------+-----+--------+

Top non-repeatable levels by time:
     D:2: 957 daAuts
     D:1: 742 daAuts
     D:3: 89 daAuts
